 Dungeon Crawl Stone Soup version 0.26-a0-1107-g6118521029 (webtiles) character file.

Game seed: 4783254933154325733

284 Dracia the Slasher (level 6, -1/47 HPs)
             Began as a Demonspawn Chaos Knight on Dec 16, 2020.
             Was a Plaything of Xom.
             Slain by a troll (shapeshifter) (8 damage)
             ... on level 4 of the Dungeon.
             The game lasted 00:04:11 (3496 turns).

Dracia the Slasher (Demonspawn Chaos Knight)        Turns: 3496, Time: 00:04:12

Health: -1/47      AC: 10    Str: 14    XL:     6   Next: 7%
Magic:  6/6        EV: 10    Int: 16    God:    Xom [.*....]
Gold:   231        SH:  0    Dex: 17    Spells: 5/5 levels left

rFire    + . .     SeeInvis .   a - +0 falchion (chaos)
rCold    . . .     Faith    .   (no shield)
rNeg     . . .     Spirit   .   s - +2 ring mail of the Monkey's Uncle {rF+ Int+3 Dex+4 Stlth-}
rPois    .         Reflect  .   (no helmet)
rElec    .         Harm     .   r - +0 cloak
rCorr    .         Rampage  .   (no gloves)
Will     .....                  (no boots)
Stlth    ..........             j - amulet of magic regeneration
HPRegen  0.15/turn              (no ring)
MPRegen  0.35/turn              (no ring)

@: very slightly contaminated, invisible
A: hooves 1, molten scales 1, spiny 1
a: Renounce Religion


You were on level 4 of the Dungeon.
You worshipped Xom.
You were a plaything of Xom.
You visited 1 branch of the dungeon, and saw 4 of its levels.

You collected 231 gold pieces.


Innate Abilities, Weirdness & Mutations

You have large cloven feet.
You are partially covered in molten scales. (AC +2)
You are partially covered in sharp spines.


   Skills:
 - Level 3.0 Fighting
 + Level 6.2 Long Blades
 - Level 1.7 Armour
 - Level 0.8 Dodging


You had 5 spell levels left.
You didn't know any spells.
Your spell library was empty.

Inventory:

Hand Weapons
 a - a +0 falchion of chaos (weapon)
Missiles
 i - 2 datura-tipped darts (quivered)
 k - 36 poisoned darts
Armour
 b - a +2 leather armour
 r - a +0 cloak (worn)
 s - the +2 ring mail of the Monkey's Uncle (worn) {rF+ Int+3 Dex+4 Stlth-}
   (You found it on level 4 of the Dungeon)

   It affects your intelligence (+3).
   It affects your dexterity (+4).
   It protects you from fire.
   It makes you less stealthy.
Jewellery
 j - an amulet of magic regeneration (around neck)
 A - an uncursed amulet of the acrobat
Wands
 m - a wand of random effects (10)
Scrolls
 c - a scroll of magic mapping {unknown}
 e - 3 scrolls of remove curse {unknown}
 f - a scroll of teleportation {unknown}
 g - 3 scrolls of identify {unknown}
 l - a scroll of immolation {unknown}
Potions
 d - a potion of curing {@q1@q1}
 h - 3 potions of flight {unknown}
 n - a potion of might {unknown}
 o - a potion of heal wounds {unknown}
Miscellaneous
 p - a phantom mirror

Dungeon Overview and Level Annotations

Branches:
Dungeon (4/15)
 Temple: D:4-7

Altars:
Elyvilon
Kikubaaqudgha

Annotations:
D:4 3 runed translucent doors, tesseract's ghost, amateur MiBe

# #§################§#.##
###########§...............#§#...
.........§§................#§####
##########§................#§# #
#.§####.....####..§.#### #
#..#?.##...##.(#.§......
#..#...##.##...#§.######
#..##..†#.#...##§....... #...
#{@#.#).##§...#####
#....###...###.....#....
#........8.........#.###
##...###...###.....#.#.. #.
+#.#'.##....#.##.
#.#...##...#.#..
##.##...#.....#..
##...##))#........
###.....####........


There were no monsters in sight!


Message History

The troll is moderately wounded.
The troll bites you but does no damage. The troll claws you.
The troll claws you!
* * * LOW HITPOINT WARNING * * *
You are too injured to fight recklessly!
Unknown command.
You barely miss the troll.
The troll is lightly wounded.
The troll is struck by your spines. The troll bites you.
* * * LOW HITPOINT WARNING * * *
The troll barely misses you. x2
Unknown command.
You hit the troll but do no damage.
The troll is lightly wounded.
Unknown command.
It was a potion of invisibility.
You fade into invisibility!
The troll is struck by your spines. The troll barely misses you.
You riposte.
You catch the helpless troll completely off-guard!
You slash the troll!
The troll flickers and vanishes!
Deactivating autopickup; reactivate with Ctrl-A.
You kick something.
Something claws you but does no damage. x2
You are very lightly contaminated with residual magic.
You hit something but do no damage. You kick something. Something bites you!
* * * LOW HITPOINT WARNING * * *
Something claws you.
* * * LOW HITPOINT WARNING * * *
Something claws you!
You die...

Skill      XL: |  1  2  3  4  5 |
---------------+----------------+-----
Long Blades    | 3 4 5 6 |  6.2
Fighting       | |  3.0
Armour         | |  1.7
Dodging        | |  0.8

Action                   |  1- 3 |  4- 6 || total
-------------------------+-------+-------++-------
Melee: Falchion          |    99 |    52 ||   151
       Kick              |    17 |    12 ||    29
  Use: Potion            |       |     2 ||     2
 Stab: Sleeping          |     1 |       ||     1
       Invisible         |     1 |     1 ||     2
       Petrified         |     3 |       ||     3
Armor: Leather armour    |    33 |    17 ||    50
       Ring mail         |       |    15 ||    15
Dodge: Dodged            |    47 |    20 ||    67
       Rpst.: Falchion   |    12 |    10 ||    22

Levels and vault maps discovered:
D:1:      kilobyte_arrival_exit_the_forest, layout_basic, minmay_tripent
D:2:      minmay_diamond_boxcup, layout_basic, amethyst_overflow_temple_binary
D:3:      layout_basic
D:4:      cheibrodos_barr_body, layout_basic, gammafunk_ghost_necromancy,
          grunt_ministairs_11, minmay_checkerbox

Notes
Turn   | Place    | Note
-------+----------+-------------------------------------------
     0 | D:1      | Dracia the Demonspawn Chaos Knight began the quest for the
                  | Orb.
     0 | D:1      | Reached XP level 1. HP: 18/18 MP: 1/1
   134 | D:1      | Reached skill level 3 in Long Blades
   281 | D:1      | Gained mutation: You are partially covered in molten
                  | scales. (AC +2) [demonic ancestry]
   281 | D:1      | Reached XP level 2. HP: 24/24 MP: 2/2
   433 | D:1      | XOM: silly message
   789 | D:2      | XOM: potion effect (invisibility)
   802 | D:2      | Gained mutation: You have large cloven feet. [demonic
                  | ancestry]
   802 | D:2      | Reached XP level 3. HP: 22/29 MP: 3/3
  1055 | D:2      | Reached skill level 4 in Long Blades
  1445 | D:2      | XOM: silly message
  1563 | D:2      | Found a white marble altar of Elyvilon.
  1568 | D:2      | Found an ancient bone altar of Kikubaaqudgha.
  1789 | D:3      | XOM: silly message
  1945 | D:3      | Reached XP level 4. HP: 35/35 MP: 4/4
  2406 | D:4      | XOM: destruction
  2416 | D:4      | Reached skill level 5 in Long Blades
  2417 | D:4      | Gained mutation: You are partially covered in sharp spines.
                  | [demonic ancestry]
  2417 | D:4      | Reached XP level 5. HP: 11/41 MP: 5/5
  2679 | D:4      | XOM: torment (22/41 hp)
  2825 | D:4      | XOM: silly message
  2883 | D:4      | XOM: silly message
  2988 | D:4      | Found a runed translucent gate.
  2988 | D:4      | Found a runed translucent gate.
  2988 | D:4      | Found a runed translucent gate.
  2988 | D:4      | Noticed tesseract's ghost (amateur MiBe)
  3053 | D:4      | Got a masterwork ring mail
  3064 | D:4      | Identified the +2 ring mail of the Monkey's Uncle {rF+
                  | Int+3 Dex+4 Stlth-} (You found it on level 4 of the
                  | Dungeon)
  3266 | D:4      | XOM: cloud trail
  3322 | D:4      | Noticed an ogre
  3324 | D:4      | XOM: potion effect (might)
  3325 | D:4      | XOM: butterfly on damage
  3327 | D:4      | XOM: enchant monster (good)
  3330 | D:4      | Killed an ogre
  3331 | D:4      | Reached skill level 6 in Long Blades
  3371 | D:4      | Reached XP level 6. HP: 34/47 MP: 6/6
  3490 | D:4      | Noticed a shapeshifter
  3490 | D:4      | an adder changed into a shapeshifter
  3490 | D:4      | Noticed a troll
  3490 | D:4      | a shapeshifter changed into a troll
  3496 | D:4      | Slain by a troll (shapeshifter)

Vanquished Creatures
  An ogre (D:4)
  An orc priest (D:4)
  A bullfrog skeleton (D:4)
  2 orc wizards (D:4)
  5 adders
  An ooze (D:3)
  3 worms
  2 dart slugs (D:2)
  2 leopard geckos
  2 orcs
  3 giant cockroaches
  4 goblins
  7 hobgoblins
  A jackal (D:1)
  A quokka (D:4)
  2 ball pythons (D:3)
  6 bats
  5 frilled lizards
  3 kobolds
  5 rats
57 creatures vanquished.

Vanquished Creatures (others)
  An adder (D:2)
  An orc (D:4)
2 creatures vanquished.

Grand Total: 59 creatures vanquished

Table legend: (Time is in decaauts)
 A = Elapsed time spent in this place.
 B = Non-inter-level travel time spent in this place.
 C = Inter-level travel time spent in this place.
 D = Time resting spent in this place.
 E = Time spent auto-exploring this place.
 F = Levels seen in this place.
 G = Mean time per level.
                   A        B        C        D        E       F      G
               +--------+--------+--------+--------+--------+-----+--------+
         Total |   3516 |   3403 |    113 |    439 |   2561 |   4 |  879.0 |
       Dungeon |   3516 |   3403 |    113 |    439 |   2561 |   4 |  879.0 |
               +--------+--------+--------+--------+--------+-----+--------+

Top non-repeatable levels by time:
     D:4: 1093 daAuts
     D:2: 987 daAuts
     D:1: 790 daAuts
     D:3: 645 daAuts

Table legend:
 A = Non-vault XP
 B = Vault XP
 C = Vault XP percentage of total XP
 D = Non-vault monster count
 E = Vault monster count
 F = Vault count percentage of total count
                 A         B        C        D         E       F
            +---------+---------+-------+---------+---------+-------
      Total |     221 |     186 |  45.7 |      43 |      15 |  25.9
            +---------+---------+-------+---------+---------+-------
        D:1 |      20 |       3 |  13.0 |      13 |       2 |  13.3
        D:2 |      51 |      10 |  16.4 |      16 |       5 |  23.8
        D:3 |      35 |       0 |   0.0 |       8 |       0 |   0.0
        D:4 |     115 |     173 |  60.1 |       6 |       8 |  57.1
            +---------+---------+-------+---------+---------+-------
